Map: Dusk Towers

Players

arifin

  • Race: Zerg Zerg
  • League: Gold

capac - Winner!

  • Race: Terran Terran
  • League: Gold

VOD

Have the link to the VOD?

Description

Time

  • Played on: April 2, 2016, 8:19 a.m.
  • Length: 18:00
Show
View Real Time Build Order
Export as new Build Order

arifin Zerg 

Build Orders: Hatch First, Muta Ling Bane 

Get SALT Encoding   

  12  0:02  Drone  
  13  0:14  Overlord  
  13  0:17  Drone  
  14  0:32  Drone x2  
  16  0:38  Drone  
  17  0:55  Hatchery  
  16  0:57  Drone  
  16  1:01  Drone  
  18  1:04  Extractor  
  17  1:11  Drone  
  18  1:21  Spawning Pool  
  18  1:23  Drone  
  18  1:30  Drone  
  19  1:40  Overlord  
  19  2:00  Drone  
  20  2:07  Queen x2  
  24  2:08  Zergling x2  
  24  2:09  Zergling x2  
  24  2:12  Metabolic Boost  
  26  2:17  Drone  
  26  2:22  Drone  
  28  2:23  Drone  
  29  2:42  Drone  
  29  2:51  Drone x4  
  32  2:55  Queen  
  35  3:06  Overlord  
  35  3:07  Hatchery  
  34  3:26  Drone x3  
  34  3:27  Drone x2  
  38  3:29  Overlord  
  39  3:37  Drone x4  
  43  4:02  Zergling x6  
  46  4:07  Lair  
  46  4:13  Extractor  
  46  4:15  Extractor  
  44  4:20  Drone x5  
  44  4:21  Drone x3  
  44  4:22  Overlord  
  52  4:28  Drone  
  53  4:40  Queen x2  
  57  4:54  Zergling x6  
  57  4:58  Spore Crawler  
  59  5:00  Spore Crawler  
  59  5:02  Drone, Spore Crawler  
  59  5:03  Drone x4  
  62  5:11  Baneling Nest, Drone x2  
  63  5:25  Drone  
  63  5:26  Drone  
  65  5:29  Spire  
  65  5:32  Drone  
  65  5:33  Evolution Chamber  
  65  5:34  Evolution Chamber  
  63  5:36  Overlord x2  
  63  5:37  Infestation Pit, Overlord x2  
  63  5:39  Overlord  
  62  5:44  Queen  
  62  5:46  Overlord  
  62  5:47  Zergling x2  
  65  5:54  Queen x2, Centrifical Hooks  
  69  6:03  Zergling x12  
  69  6:04  Zergling x10  
  78  6:07  Zerg Ground Armor Level 1  
  80  6:18  Zerg Melee Weapons Level 1  
  80  6:27  Zergling x12  
  80  6:28  Zergling x8  
  90  6:39  Overlord x2  
  90  6:40  Mutalisk  
  90  6:44  Hatchery  
  91  6:51  Zergling x10  
  94  6:58  Zergling x14  
  94  7:01  Mutalisk  
  81  7:28  Zergling x14  
  88  7:44  Baneling x3  
  88  7:45  Baneling x7  
  88  7:46  Baneling x3, Mutalisk  
  88  7:47  Mutalisk  
  92  8:01  Queen  
  92  8:02  Mutalisk  
  87  8:15  Zergling x22  
  87  8:16  Zergling x2  
  90  8:32  Drone x2  
  90  8:33  Drone x7  
  90  8:34  Drone  
  95  8:37  Zerg Flyer Armor Level 1  
  95  8:49  Overlord  
  95  8:50  Overlord  
  95  8:51  Overlord  
  95  9:06  Zerg Melee Weapons Level 2, Zerg Ground Armor Level 2  
  95  9:07  Extractor  
  93  9:25  Extractor  
  93  9:26  Overseer  
  93  9:27  Pneumatized Carapace  
  93  9:28  Extractor  
  91  9:36  Zergling x10  
  91  9:37  Zergling x14  
  91  9:38  Zergling x12  
  107  9:40  Baneling x4  
  107  9:41  Baneling x3  
  107  9:43  Extractor  
  107  9:45  Extractor  
  107  9:55  Hive  
  107  9:56  Zergling x4  
  107  9:57  Zergling x16  
  117  10:02  Baneling x3  
  117  10:05  Drone x2  
  117  10:06  Drone x2  
  121  10:34  Hatchery  
  120  10:36  Zerg Flyer Armor Level 2  
  120  10:46  Zergling x8  
  120  10:47  Zergling x24  
  136  11:05  Hatchery  
  135  11:19  Zergling x10  
  135  11:20  Zergling x14  
  135  11:21  Zergling x2  
  135  11:23  Baneling  
  135  11:24  Baneling x6  
  135  11:25  Baneling x2, Mutalisk x2  
  152  11:33  Zerg Melee Weapons Level 3, Zerg Ground Armor Level 3  
  152  11:34  Adrenal Glands, Overlord  
  152  11:35  Overlord x3  
  152  11:45  Queen  
  154  11:47  Overlord  
  154  11:48  Overlord  
  154  11:55  Drone  
  154  11:56  Drone x3  
  154  11:57  Drone x2  
  154  12:01  Ultralisk Cavern  
  156  12:39  Overseer  
  156  12:40  Overlord x2  
  156  12:41  Overlord x2  
  156  12:46  Mutalisk x2  
  156  12:47  Mutalisk x3  
  156  12:49  Ultralisk  
  156  12:50  Ultralisk  
  178  12:52  Chitinous Plating  
  178  13:19  Overseer  
  178  13:21  Overseer  
  178  13:22  Overseer  
  178  13:24  Overseer x2  
  178  13:25  Overlord x2  
  178  13:26  Overlord x2  
  184  13:27  Ultralisk  
  136  13:50  Zergling x34  
  125  14:06  Zergling x20  
  129  14:15  Zergling x10  
  116  14:29  Zerg Flyer Armor Level 3  
  116  14:31  Zerg Missile Weapons Level 1  
  104  14:45  Spore Crawler x2  
  104  14:48  Baneling x2  
  104  14:49  Baneling x6  
  104  14:50  Baneling x7  
  104  14:51  Baneling x5  
  99  14:53  Overseer  
  99  14:54  Overseer x2  
  99  14:59  Overlord  
  99  15:00  Overseer  
  99  15:26  Corruptor x3  
  105  15:29  Spore Crawler  
  105  15:32  Spore Crawler  
  102  15:41  Spore Crawler  
  94  15:46  Zergling x24  
  103  15:59  Zergling x4  
  96  16:05  Zergling x16  
  96  16:10  Corruptor  
  101  16:20  Corruptor  
  103  16:43  Corruptor x4  
  111  16:50  Zergling x10  
  109  16:55  Zergling x6  
  109  16:56  Zergling x2  
  86  17:09  Zergling x10  
  91  17:22  Zergling x12  
  93  17:23  Zergling x2  
  76  17:33  Spore Crawler  
  76  17:34  Spore Crawler  
  76  17:37  Spore Crawler  
  73  17:38  Spore Crawler  
Show
View Real Time Build Order
Export as new Build Order

capac Terran - Winner!

Build Orders: MMM Bio 

Get SALT Encoding   

  12  0:01  SCV  
  13  0:14  SCV  
  13  0:18  Supply Depot  
  15  0:28  SCV  
  15  0:40  Barracks, SCV  
  16  0:47  Refinery  
  16  0:52  SCV  
  17  1:04  SCV  
  18  1:16  SCV  
  19  1:29  SCV  
  19  1:31  Reaper  
  21  1:35  Command Center  
  21  1:42  Orbital Command  
  21  1:54  Supply Depot  
  21  2:03  Marine  
  22  2:08  SCV  
  22  2:13  Refinery, Factory  
  23  2:22  SCV  
  24  2:25  Barracks Reactor  
  24  2:29  Barracks  
  24  2:50  Orbital Command  
  24  2:57  SCV  
  25  2:58  Factory Tech Lab  
  25  3:04  Marine x2  
  27  3:05  Starport  
  27  3:11  SCV  
  28  3:23  Marine x3  
  31  3:35  SCV x2  
  31  3:40  Siege Tank  
  36  3:41  Marine x2  
  36  3:42  Marine  
  38  3:58  SCV x2  
  38  4:02  Barracks Reactor  
  40  4:03  Barracks Tech Lab  
  40  4:06  Medivac  
  42  4:11  Barracks  
  42  4:15  Engineering Bay  
  42  4:20  Siege Tank  
  42  4:22  SCV  
  46  4:30  Supply Depot  
  46  4:39  Supply Depot  
  46  4:43  Stimpack  
  46  4:45  Starport Reactor  
  46  4:51  SCV x2  
  48  4:54  Supply Depot  
  48  4:55  Marine x2  
  48  4:56  Marine  
  51  5:00  Barracks Reactor  
  51  5:03  SCV x2  
  53  5:08  Refinery  
  53  5:15  SCV  
  53  5:16  Supply Depot, SCV  
  55  5:23  Medivac  
  55  5:26  Medivac  
  55  5:27  Refinery  
  55  5:28  SCV x2  
  61  5:39  Supply Depot  
  61  5:41  Marine x3  
  64  5:43  Marine x2  
  64  5:48  Siege Tank  
  69  5:54  SCV x2  
  71  6:05  Medivac  
  73  6:11  Marine x2  
  73  6:12  Marine x2  
  77  6:18  Command Center  
  77  6:20  Marine, Siege Tank  
  77  6:23  Terran Infantry Weapons Level 1, Supply Depot  
  81  6:28  Supply Depot  
  81  6:29  Marine x2  
  83  6:33  Marine x2  
  83  6:38  Marine  
  86  6:44  SCV  
  87  6:47  Marine x2  
  87  6:50  Marine  
  87  6:51  Marine  
  91  6:56  Marine  
  84  7:06  Liberator  
  73  7:15  Missile Turret  
  73  7:17  Missile Turret  
  73  7:18  Missile Turret  
  73  7:20  Marine x4  
  73  7:21  Marine  
  78  7:25  Missile Turret  
  78  7:27  SCV x2  
  83  7:44  Missile Turret  
  83  7:48  Medivac  
  79  8:40  SCV x2  
  81  8:46  Medivac x2  
  85  8:50  Terran Infantry Armor Level 1  
  85  8:52  Armory, SCV  
  85  8:54  Supply Depot  
  86  8:56  Engineering Bay  
  86  9:02  Liberator x2  
  86  9:13  SCV x2  
  86  9:15  Orbital Command  
  88  9:20  Marine x5  
  99  9:30  Barracks x2  
  99  9:31  Combat Shields  
  99  9:34  Barracks, SCV x2  
  99  9:37  Supply Depot  
  99  9:38  Marine  
  102  9:39  Marine  
  102  9:40  Supply Depot, Marine x3  
  102  9:41  Supply Depot, SCV  
  107  9:46  SCV x2  
  109  9:55  Marine  
  110  10:07  Terran Ship Weapons Level 1  
  110  10:14  Supply Depot  
  110  10:18  Supply Depot  
  110  10:20  Medivac x2  
  114  10:25  Barracks Reactor  
  114  10:26  Barracks Reactor  
  114  10:28  Barracks Reactor  
  114  10:31  SCV x3  
  114  10:33  Refinery, Marine  
  114  10:34  Marine x3  
  121  10:39  Refinery, Liberator  
  121  10:40  Liberator  
  121  10:51  Siege Tank  
  127  11:02  SCV x3  
  127  11:03  Terran Infantry Weapons Level 2, Terran Infantry Armor Level 2  
  133  11:07  Marine  
  133  11:08  Marine x6  
  133  11:09  Marine x3  
  133  11:10  Marine  
  144  11:14  Supply Depot  
  144  11:18  Supply Depot  
  144  11:21  Supply Depot  
  144  11:25  Marine x2  
  144  11:26  Marine x2  
  148  11:38  Command Center  
  148  11:40  Starport  
  148  11:41  Starport  
  148  12:21  Starport Reactor  
  148  12:23  Starport Reactor, Marine x3  
  148  12:24  Marine x6  
  148  12:25  Marine  
  148  12:26  Marine  
  148  12:29  Siege Tank  
  162  12:30  Terran Ship Weapons Level 2  
  162  12:36  Supply Depot  
  162  12:37  Supply Depot  
  162  12:54  Liberator x4  
  162  12:55  Liberator x2  
  162  13:09  Siege Tank  
  183  13:23  Terran Infantry Armor Level 3, Terran Infantry Weapons Level 3  
  99  14:05  Marine x3  
  99  14:06  Marine x5  
  107  14:16  Marine x3  
  103  14:23  Marine x5  
  103  14:24  Marine x2  
  91  14:43  Marine  
  91  14:44  Marine x6  
  91  14:45  Marine x4  
  102  14:51  Medivac x2  
  102  14:52  Medivac  
  108  15:16  Marine x5  
  108  15:17  Marine x6  
  96  16:05  Marine x6  
  96  16:06  Marine x5  
  104  16:22  Marine  
  104  16:23  Marine x4  
  104  16:24  Marine x4  
  113  16:40  Marine  
  113  16:41  Marine x5  
  113  16:42  Marine  
  108  17:28  Marine x5  
  108  17:29  Marine x3  
  116  17:31  SCV  
  116  17:32  SCV  
Tags
 
Add a new tag
Caveats
  • Supply blocks, unpowered buildings, or Contaminate may cause inaccurate times.
  • Supply counts are checked every 10 seconds.